Match 39540576
Unlisted

Match 39540576
End
Construct Weapon Support Center
Engineer Squad
M1919 Machine Gun Team
M1919 Machine Gun Team
Bazooka Squad
Mechanized Support Center
Engineer Squad
Selects Heavy Weapons
Selects Heavy Weapons
Selects Assault Carriers
M3 Assault Carrier
Construct Barracks
Riflemen Squad
Riflemen Squad
Riflemen Squad
Bazooka Squad
Selects M2HB .50cal Heavy Machine Gun
Construct Tank Depot
M4(105) Sherman Bulldozer
Bazooka Squad
Designate Forward Repair Station
Bazooka Squad
Selects Exchangeable Parts
M1919 Machine Gun Team
Selects M26 Pershing Heavy Tank
M26 Pershing Heavy Tank
M4A1 76mm Conversion
M4A1(76) Sherman Medium Tank
Selects Rapid Reposition
M4A1(76) Sherman Medium Tank
M1918 Browning Automatic Rifles
Designate Forward Repair Station
M4A1(76) Sherman Medium Tank
M1919 Machine Gun Team
Selects Black Dragon Artillery Barrage
Black Dragon Artillery Barrage
Improvised Armor
Black Dragon Artillery Barrage
M4A1(76) Sherman Medium Tank
M4A1(76) Sherman Medium Tank
Engineer Squad
Black Dragon Artillery Barrage
Dawes
A_Smoove
Asiri KKMC
TheCanadianReap
MRHY
Peevko
PacboyA1
cocopuff
0
0

Comments sign in to comment!

No comments posted yet!